 Dungeon Crawl Stone Soup version 0.29.1-2-gbd0b4ee654 (webtiles) character file.

Game seed: 17330102731000115707

51 KamiKatze the Shield-Bearer (level 3, -1/23 HPs)
             Began as a Gargoyle Fighter on Nov 13, 2022.
             Killed from afar by Sigmund (3 damage)
             ... with a puff of flame
             ... on level 2 of the Dungeon.
             The game lasted 00:03:46 (1170 turns).

KamiKatze the Shield-Bearer (Gargoyle Fighter)      Turns: 1170, Time: 00:03:47

Health: -1/23      AC: 11    Str: 21    XL:     3   Next: 81%
Magic:  3/3        EV:  9    Int:  8    God:
Gold:   73         SH:  4    Dex:  9    Spells: 2/2 levels left

rFire   . . .      SeeInvis .   a - +0 war axe
rCold   . . .      Faith    .   c - +0 buckler
rNeg    + . .      Spirit   .   b - +0 scale mail
rPois   ∞          Reflect  .   (no helmet)
rElec   +          Harm     .   (no cloak)
rCorr   +          Rampage  .   m - +0 pair of gloves
Will    +....                   (no boots)
Stlth   ..........              (no amulet)
HPRegen 0.07/turn               f - ring of willpower
MPRegen 0.08/turn               h - ring of resist corrosion

@: mighty
A: sickness immunity, AC +3, negative energy resistance 1, electricity
resistance, torment resistance 1, petrification resistance
a: no special abilities


You were on level 2 of the Dungeon.
You visited 1 branch of the dungeon, and saw 2 of its levels.

You collected 73 gold pieces.

Inventory:

Hand Weapons
 a - a +0 war axe (weapon)
 e - a +2 sling of flaming
 g - a +0 flail
Armour
 b - a +0 scale mail (worn)
 c - a +0 buckler (worn)
 i - a +0 chain mail
 j - a +0 ring mail of cold resistance
 m - a +0 pair of gloves (worn)
Jewellery
 f - a ring of willpower (left hand)
 h - a ring of resist corrosion (right hand)
Scrolls
 k - a scroll of torment {unknown}
 l - a scroll of blinking {unknown}


   Skills:
 + Level 3.6 Fighting
 * Level 2.4 Axes
 + Level 3.6 Armour
 + Level 0.4 Dodging
 * Level 3.9 Shields


You had 2 spell levels left.
You didn't know any spells.
Your spell library contained the following spells:

 Spells                   Type           Power      Damage    Failure   Level
 Beastly Appendage        Tmut           0%         N/A       83%         1
 Slow                     Hex            0%         N/A       83%         1
 Wereblood                Tmut           0%         N/A       93%         2
 Confusing Touch          Hex            0%         N/A       99%         3
 Spider Form              Tmut/Pois      0%         N/A       99%         3
 Vampiric Draining        Necr           0%         2d6       99%         3


Dungeon Overview and Level Annotations

Branches:
Dungeon (2/15)

Altars:
Sif Muna

Annotations:
D:2 Sigmund


Innate Abilities, Weirdness & Mutations

You are immune to sickness and miasma.
Your stone body is resilient. (AC +3)
You are immune to poison.
You resist negative energy. (rN+)
You are resistant to electric shocks. (rElec)
You are resistant to unholy torment.
You are immune to petrification.


Message History

You see here a jackal corpse.
You now have 73 gold pieces (gained 15).
Sigmund the Dreaded comes into view.
He is wielding a +0 scythe.
Sigmund points at you and mumbles some strange words.
The puff of flame hits you but does no damage.
Okay, then.
You start resting.
Sigmund is nearby!
You feel very mighty all of a sudden. Sigmund hits you but does no damage.
You hit Sigmund.
Sigmund is moderately wounded.
Sigmund casts a spell at you.
The magic dart hits you but does no damage.
You closely miss Sigmund.
Sigmund is moderately wounded.
Sigmund casts a spell.
Sigmund flickers and vanishes!
Deactivating autopickup; reactivate with Ctrl-A.
No target in view!
No target in view!
You slash something! Something hits you but does no damage.
You barely miss something.
You hear some strange, mumbled words.
You are confused.
Something hits you!
You miss something. Something hits you but does no damage.
You bump into the rock wall.
You bump into the rock wall.
Something hits you but does no damage. Something hits you.
You feel less confused.
You hear some strange, mumbled words.
Something tries to affect you, but you resist.
Something hits you!
* * * LOW HITPOINT WARNING * * *
You closely miss something.
You hear some strange, mumbled words.
A puff of flame appears from out of thin air!
The puff of flame hits you.
You die...

........# #..@..........
........# #.............
........#####.............
..........................
.......######.............
........# #.............
........##########.####...
................##.####...
........##......@{........
........#..._..###†.......
.......##..........#######
..(...#........###.#
##.##.#.......## #.#
#.##.######..(......
#.##.# #######.## #.##..
#.# #.###. #.#


There were no monsters in sight!

Vanquished Creatures
  A gnoll (D:1)
  2 dart slugs (D:1)
  An endoplasm (D:1)
  4 goblins (D:1)
  2 hobgoblins (D:1)
  8 jackals
  2 quokkas (D:1)
  4 ball pythons (D:1)
  A bat (D:1)
  A frilled lizard (D:1)
  6 kobolds
  2 rats (D:1)
34 creatures vanquished.

Vanquished Creatures (others)
  5 fungi (D:2)
  2 plants (D:2)
7 creatures vanquished.

Grand Total: 41 creatures vanquished

Notes
Turn   | Place    | Note
-------+----------+-------------------------------------------
     0 | D:1      | KamiKatze the Gargoyle Fighter began the quest for the Orb.
     0 | D:1      | Reached XP level 1. HP: 14/14 MP: 1/1
   289 | D:1      | Reached XP level 2. HP: 13/19 MP: 2/2
   559 | D:1      | Reached XP level 3. HP: 20/23 MP: 3/3
  1089 | D:2      | Found a shimmering blue altar of Sif Muna.
  1147 | D:2      | Noticed Sigmund
  1170 | D:2      | Killed from afar by Sigmund

Illustrated notes

Levels and vault maps discovered:
D:1:      evilmike_arrival_hilbert_curve, layout_loops_ring,
          kennysheep_minor_cross, serial_park_tiny_2,
          hangedman_decor_diamond_cutter, minmay_indecisive_spiral
D:2:      layout_rooms, basic_altar, dreamdust_ecumenical_altar_grove,
          uniq_sigmund

Skill      XL: |  1 |
---------------+----+-----
Axes           | 2 |  2.4
Fighting       | |  3.6
Armour         | |  3.6
Dodging        | |  0.4
Shields        | |  3.9

Action                   || total
-------------------------++-------
Melee: War axe           ||   121
  Use: Potion            ||     1
Armor: Scale mail        ||    76
Dodge: Dodged            ||    61
Block: Buckler           ||    37
